 Dungeon Crawl Stone Soup version 0.25-a0-1133-g93ebf739aa (webtiles) character file.

Game seed: 17466848401868662380, levelgen mode: deterministic

1687 BeastOfSaturn the Cleaver (level 9, 0/73 (74) HPs)
             Began as a Hill Orc Fire Elementalist on May 22, 2020.
             Was an Initiate of Ashenzari.
             Succumbed to a killer bee's poison
             ... on level 5 of the Dungeon.
             The game lasted 00:28:24 (9125 turns).

BeastOfSaturn the Cleaver (HOFE)                    Turns: 9125, Time: 00:28:25

HP:   0/73 (74)     AC:  9    Str: 18    XL:     9   Next: 2%
MP:   11/11         EV: 11    Int: 17    God:    Ashenzari [......]
Gold: 257           SH:  0    Dex: 11    Spells: 6/11 levels left

rFire    . . .     SeeInvis .   w - +0 war axe (freeze) (curse)
rCold    . . .     Gourm    .   (no shield)
rNeg     . . .     Faith    .   u - +3 ring mail
rPois    +         Spirit   .   (no helmet)
rElec    .         Reflect  .   (no cloak)
rCorr    .         Harm     .   (no gloves)
MR       .....                  (no boots)
Stlth    +.........             (no amulet)
HPRegen  0.22/turn              f - +6 ring of strength
MPRegen  0.12/turn              r - ring of poison resistance (curse)

@: lethally poisoned (0 -> -3), stab
A: no striking features
a: Curse Item, Renounce Religion


You were on level 5 of the Dungeon.
You worshipped Ashenzari.
Ashenzari was noncommittal.
You were hungry.

You visited 2 branches of the dungeon, and saw 8 of its levels.

You collected 257 gold pieces.

Inventory:

Hand Weapons
 b - a +0 war axe
 d - a +0 dagger
 w - a cursed +0 war axe of freezing (weapon)
Armour
 a - a cursed +0 robe
 e - a +0 scale mail
 u - a +3 ring mail (worn)
Jewellery
 f - a +6 ring of strength (left hand)
 r - a cursed ring of poison resistance (right hand)
Wands
 s - a wand of paralysis (8)
 t - a wand of iceblast (9)
 y - a wand of disintegration (10)
Scrolls
 g - a scroll of blinking
 h - 2 scrolls of fear
 i - a scroll of fog
 o - a scroll of teleportation
 q - 3 scrolls of immolation
 v - a scroll of amnesia
Potions
 c - a potion of brilliance
 k - a potion of might
 p - a potion of haste
 x - a potion of magic
Comestibles
 j - 10 rations
 l - 5 chunks of flesh


   Skills:
 * Level 5.2 Fighting
 * Level 8.4 Axes
 * Level 6.1 Armour
 - Level 1.5 Dodging
 - Level 1.5 Stealth
 - Level 1.5 Spellcasting
 - Level 2.0 Conjurations
 * Level 6.3 Fire Magic


You had 6 spell levels left.
You knew the following spells:

 Your Spells              Type           Power        Failure   Level  Hunger
a - Foxfire               Conj/Fire      ###.         6%          1    ##.....
b - Sticky Flame          Conj/Fire      ###.....     52%         4    #####..

Your spell library contained the following spells:

 Spells                   Type           Power        Failure   Level  Hunger
 Conjure Flame            Conj/Fire      ###.....     19%         3    ####...
 Inner Flame              Hex/Fire       ##......     28%         3    ####...
 Fireball                 Conj/Fire      ###.......   86%         5    ######.


Dungeon Overview and Level Annotations

Branches:
Dungeon (7/15)             Temple (1/1) D:6

Altars:
Ashenzari
Cheibriados
Elyvilon
Fedhas
Gozag
Hepliaklqana
Kikubaaqudgha
Makhleb
Okawaru
Ru
Sif Muna
Trog
Wu Jian
Xom
Yredelemnul
Zin
The Shining One

Annotations:
D:7 Pikel


Message History

* * * LOW HITPOINT WARNING * * *
You feel sick.
There is a lethal amount of poison in your body!
Okay, then.
As you read the scroll of identify, it crumbles to dust.
c - a potion of brilliance
* * * LOW HITPOINT WARNING * * *
You feel sick.
You feel magically purged.
* * * LOW HITPOINT WARNING * * *
You feel sick.
It was a potion of stabbing.
You feel ready to backstab.
Okay, then.
There is a lethal amount of poison in your body!
* * * LOW HITPOINT WARNING * * *
You feel sick.
* * * LOW HITPOINT WARNING * * *
You feel sick.
You die...

##..###....#.##..## ##......##
##....##.......#..[# #........#
###...#.#.......(....###.###....#
.##..##.......##...(.....# ##...#
.#..###....##.##......#### ##...
....##......#####....##### #...
...##........# #....##...# #...
.............###.....#...# ####
.......####..##.@...##...## #
[.....#####...............##
.......##.....##..#........#
...............#########..##
.......###.#....## ####
........####.....#
.....#....##.<.#.###
.....##...#...##...####
...#..##............[.#


There were no monsters in sight!

Vanquished Creatures
  Menkaure (D:6)
  Edmund (D:5)
  Duvessa (D:6)
  A water moccasin (D:6)
  An ice beast (D:5)
  A necrophage (D:6)
  An ogre (D:4)
  Blork the orc (D:4)
  2 bullfrogs
  Dowan (D:6)
  2 killer bees (D:7)
  A howler monkey (D:1)
  A centaur zombie (D:5)
  A crimson imp (D:5)
  A quasit (D:6)
  3 orc priests
  A hound (D:6)
  2 orc wizards
  Jessica (D:2)
  Terence (D:3)
  A worker ant (D:4)
  A worker ant zombie (D:5)
  7 gnolls
  7 adders
  A shadow imp (D:5)
  An adder skeleton (D:5)
  An adder zombie (D:7)
  5 worms
  2 dart slugs
  2 leopard geckos (D:4)
  14 orcs
  4 bats
  5 giant cockroaches
  12 goblins
  9 hobgoblins
  5 jackals
  A quokka (D:2)
  A ball python (D:2)
  2 frilled lizards (D:4)
  4 kobolds
  A leopard gecko skeleton (D:5)
  3 rats (D:1)
114 creatures vanquished.

Vanquished Creatures (collateral kills)
  A goblin (D:2)
1 creature vanquished.

Vanquished Creatures (others)
  An orc wizard (D:5)
  154 foxfires
155 creatures vanquished.

Grand Total: 270 creatures vanquished

Notes
Turn   | Place    | Note
-------+----------+-------------------------------------------
     0 | D:1      | BeastOfSaturn the Hill Orc Fire Elementalist began the
                  | quest for the Orb.
     0 | D:1      | Reached XP level 1. HP: 14/14 MP: 3/3
   366 | D:1      | Reached XP level 2. HP: 20/20 MP: 0/4
   677 | D:1      | Reached skill level 1 in Fighting
  1399 | D:2      | Noticed Jessica
  1408 | D:2      | Killed Jessica
  1408 | D:2      | Reached XP level 3. HP: 28/28 MP: 0/5
  1501 | D:1      | Reached XP level 4. HP: 29/35 MP: 2/6
  1578 | D:1      | HP: 1/35 [quasit (2)]
  1944 | D:2      | Found a bloodstained altar of Trog.
  2002 | D:1      | Reached skill level 1 in Armour
  2464 | D:2      | Reached skill level 5 in Fire Magic
  2464 | D:2      | Reached XP level 5. HP: 10/41 MP: 2/7
  2871 | D:2      | Found a shimmering blue altar of Sif Muna.
  3425 | D:3      | Found a snail-covered altar of Cheibriados.
  3704 | D:3      | Found a blossoming altar of Fedhas.
  3771 | D:3      | Noticed Terence
  3786 | D:3      | Killed Terence
  3786 | D:3      | Reached skill level 1 in Axes
  3935 | D:3      | Found a burning altar of Makhleb.
  4196 | D:3      | Found an ornate altar of the Wu Jian Council.
  4673 | D:4      | Noticed an ogre
  4681 | D:4      | Killed an ogre
  4681 | D:4      | Reached skill level 2 in Axes
  4681 | D:4      | Reached XP level 6. HP: 50/50 MP: 3/8
  5202 | D:4      | Reached skill level 3 in Axes
  5489 | D:5      | Entered Level 5 of the Dungeon
  5849 | D:5      | Reached XP level 7. HP: 53/57 MP: 9/9
  5959 | D:5      | Noticed Edmund
  5978 | D:5      | Reached skill level 4 in Axes
  6322 | D:5      | Killed Edmund
  6350 | D:5      | Noticed Blork the orc
  6396 | D:4      | Killed Blork the orc
  6396 | D:4      | Reached skill level 5 in Axes
  7252 | D:5      | Learned a level 4 spell: Sticky Flame
  7334 | D:6      | Reached XP level 8. HP: 64/65 MP: 10/10
  7341 | D:6      | Noticed Menkaure
  7761 | D:6      | Reached skill level 5 in Armour
  8227 | D:6      | Found a sacrificial altar of Ru.
  8241 | D:6      | Noticed Dowan
  8242 | D:6      | Noticed Duvessa
  8266 | D:6      | Killed Duvessa
  8266 | D:6      | Reached skill level 6 in Axes
  8269 | D:6      | Killed Dowan
  8497 | D:6      | Found a basalt altar of Yredelemnul.
  8545 | D:6      | Found a staircase to the Ecumenical Temple.
  8559 | D:6      | Reached skill level 7 in Axes
  8584 | Temple   | Entered the Ecumenical Temple
  8665 | Temple   | Became a worshipper of Ashenzari the Shackled
  8799 | D:6      | Killed Menkaure
  8929 | D:7      | Reached skill level 5 in Fighting
  8929 | D:7      | Reached skill level 8 in Axes
  9084 | D:7      | Noticed Pikel
  9086 | D:7      | Noticed a hippogriff
  9101 | D:7      | Reached XP level 9. HP: 61/73 MP: 11/11
  9117 | D:5      | HP: 3/73 [poisoned by a killer bee]
  9121 | D:5      | HP: 1/73 [poisoned by a killer bee]
  9125 | D:5      | Succumbed to a killer bee's poison

Illustrated notes

Levels and vault maps discovered:
D:1:      matt_arrival_grand_opening, layout_basic
D:2:      layout_basic, old_standard_altar, lemuel_blue_sif_altar,
          minmay_pentomino_q4, uniq_jessica
D:3:      layout_loops_corners, lightli_temple_of_fire,
          nicolae_overflow_hidden_temple, old_standard_altar,
          nicolae_overflow_crystal_walls, first_ration, uniq_terence
D:4:      layout_basic
D:5:      layout_cave_pools, cheibrodos_sewer_entry_bend, uniq_blork_the_orc,
          uniq_edmund
D:6:      layout_basic, yredelemnul_altar_generic, old_standard_altar,
          minmay_temple_entry_mist, serial_bayou_pond_d, uniq_duvessa,
          uniq_menkaure
D:7:      layout_cave_pools, lemuel_crystal_altar, lemuel_crystal_altar,
          kennysheep_mini, old_standard_altar, grunt_livestock, uniq_pikel
Temple:   compressed_dpeg_triangle_lava_temple

Skill      XL: |  1  2  3  4  5  6  7  8 |
---------------+-------------------------+-----
Fighting       | 1 2 3 4 5 |  5.2
Fire Magic     | 4 5 6 |  6.3
Armour         | 2 3 4 6 |  6.1
Axes           | 2 3 5 8 |  8.4
Conjurations   | 2 |  2.0
Dodging        | |  1.5
Stealth        | |  1.5
Spellcasting   | |  1.5

Action                   |  1- 3 |  4- 6 |  7- 9 || total
-------------------------+-------+-------+-------++-------
Melee: Unarmed           |     7 |       |       ||     7
       Dagger            |    44 |    99 |       ||   143
       War axe           |       |   200 |   226 ||   426
 Cast: Foxfire           |    19 |    47 |    29 ||    95
Invok: Curse Item        |       |       |     2 ||     2
  Use: Scroll            |       |     5 |    14 ||    19
       Potion            |       |     1 |     5 ||     6
 Stab: Sleeping          |     1 |       |       ||     1
  Eat: Ration            |     1 |     3 |     2 ||     6
       Chunk             |       |     6 |     3 ||     9
Armor: Scale mail        |    25 |   166 |       ||   191
       Skin              |       |    26 |       ||    26
       Ring mail         |       |    70 |   150 ||   220
Dodge: Dodged            |    37 |   226 |   179 ||   442

Table legend:
 A = Non-vault XP
 B = Vault XP
 C = Vault XP percentage of total XP
 D = Non-vault monster count
 E = Vault monster count
 F = Vault count percentage of total count
                 A         B        C        D         E       F
            +---------+---------+-------+---------+---------+-------
      Total |    1653 |     757 |  31.4 |     102 |      13 |  11.3
            +---------+---------+-------+---------+---------+-------
        D:1 |      98 |      13 |  11.7 |      21 |       1 |   4.5
        D:2 |      39 |      43 |  52.4 |      14 |       4 |  22.2
        D:3 |      33 |      36 |  52.2 |       8 |       1 |  11.1
        D:4 |     190 |      96 |  33.6 |      11 |       1 |   8.3
        D:5 |     398 |     174 |  30.4 |      17 |       3 |  15.0
        D:6 |     612 |     395 |  39.2 |      20 |       3 |  13.0
        D:7 |     283 |       0 |   0.0 |      11 |       0 |   0.0
            +---------+---------+-------+---------+---------+-------
